 Dungeon Crawl Stone Soup version 0.31-a0-1458-g2f8d4710b4 (webtiles) character file.

Game seed: 1094834771448341031

13709 FutureFunk the Severer (level 12, -7/106 HPs)
             Began as a Hill Orc Fighter on Dec 28, 2023.
             Was an Initiate of Gozag.
             Mangled by a wolf spider (10 damage)
             ... summoned by a broodmother
             ... on level 11 of the Dungeon.
             The game lasted 00:20:53 (13438 turns).

FutureFunk the Severer (Hill Orc Fighter)          Turns: 13438, Time: 00:20:54

Health: -7/106     AC: 21    Str: 26    XL:     12   Next: 8%
Magic:  12/12      EV:  7    Int: 10    God:    Gozag
Gold:   363        SH: 11    Dex: 10    Spells: 11/11 levels left

rFire   + . .        t - +0 broad axe
rCold   + . .        c - +0 buckler
rNeg    + . .        f - +2 plate armour
rPois   +            y - +0 hat of Ufeise {rF+ Will+ Str+2}
rElec   .            u - +0 cloak
rCorr   .            o - +0 pair of gloves
SInv    .            q - +0 pair of boots
Will    +....        d - amulet of Qazlal's Castigation {Reflect rPois Int+2 SH+5 Stlth+} Stlth
                     g - ring of positive energy
HPRegen 0.37/turn    x - ring of protection from cold
MPRegen 0.13/turn

%: reflection
@: invisible
A: no striking features
a: Renounce Religion, Potion Petition, Call Merchant, Bribe Branch


You were on level 11 of the Dungeon.
You worshipped Gozag.
Gozag was aware of your devotion.
You visited 2 branches of the dungeon, and saw 13 of its levels.
You also visited: Sewer.

You collected 1243 gold pieces.
You spent 674 gold pieces at shops.
You paid 206 gold pieces to Gozag.

Inventory:

Hand Weapons
 t - a +0 broad axe (weapon)
Armour
 c - a +0 buckler (worn)
 f - a +2 plate armour (worn)
 o - a +0 pair of gloves (worn)
 q - a +0 pair of boots (worn)
 u - a +0 cloak (worn)
 y - the +0 hat of Ufeise (worn) {rF+ Will+ Str+2}
   (You acquired it on level 9 of the Dungeon)

   Str+2:     It affects your strength (+2).
   rF+:       It protects you from fire.
   Will+:     It increases your willpower.
Jewellery
 d - the amulet of Qazlal's Castigation (around neck) {Reflect rPois Int+2 SH+5 Stlth+}
   (You bought it in a shop on level 2 of the Dungeon)

   [amulet of reflection]

   Reflect:   It reflects blocked missile attacks.
   Int+2:     It affects your intelligence (+2).
   rPois:     It protects you from poison SH+5: It affects your SH (+5).
   Stlth+:    It makes you more stealthy.
 g - a ring of positive energy (left hand)
 w - a ring of protection from fire
 x - a ring of protection from cold (right hand)
Wands
 h - a wand of flame (55)
 r - a wand of mindburst (10)
 s - a wand of polymorph (6)
Scrolls
 b - a scroll of amnesia
 l - 3 scrolls of enchant armour
 n - 2 scrolls of teleportation
 v - 3 scrolls of identify
 B - a scroll of revelation
Potions
 e - 2 potions of heal wounds
 i - a potion of attraction
 j - 3 potions of enlightenment
 k - 2 potions of mutation
 m - a potion of resistance
 p - 10 potions of ambrosia
 z - a potion of cancellation


   Skills:
 + Level 10.0 Fighting
 - Level 17.0 Axes
 - Level 10.2 Armour
 - Level 9.0 Shields


You had 11 spell levels left.
You didn't know any spells.
Your spell library contained the following spells:

 Spells                   Type           Power      Damage    Failure   Level
 Lesser Beckoning         Tloc           0%         N/A       99%         2
 Gell's Gravitas          Tloc           0%         N/A       100%        3
 Ozocubu's Armour         Ice            0%         N/A       100%        3
 Teleport Other           Tloc           0%         N/A       100%        3
 Metabolic Englaciation   Hex/Ice        0%         N/A       100%        5
 Haunt                    Necr/Summ      0%         N/A       100%        7
 Borgnjor's Revivificati  Necr           0%         N/A       100%        8
 Infestation              Necr           0%         N/A       100%        8
 Death's Door             Necr           0%         N/A       100%        9
 Animate Dead             Necr           Unusable   N/A       N/A         4
 Sculpt Simulacrum        Ice/Alch       Unusable   N/A       N/A         6

Dungeon Overview and Level Annotations

Branches:
Dungeon (12/15)            Temple (1/1) D:6            Lair (0/5) D:8
    Orc (0/2) D:9           Sewer (visited)

Altars:
Ashenzari
Cheibriados
Dithmenos
Elyvilon
Fedhas
Gozag
Hepliaklqana
Kikubaaqudgha
Makhleb
Nemelex Xobeh
Okawaru
Qazlal
Ru
Sif Muna
Trog
Uskayaw
Vehumet
Wu Jian
Xom
Yredelemnul
Zin
The Shining One
Beogh

Shops:
D:2 =

Annotations:
D:8 3 runed translucent doors, nitefall's ghost, novice MiBe


Message History

The broodmother is lightly wounded.
You hit the jumping spider but do no damage.
The jumping spider pounces on you!
* * * LOW HITPOINT WARNING * * *
You are caught in a web!
The jumping spider bites you.
* * * LOW HITPOINT WARNING * * *
The broodmother summons spiders!
Okay, then.
You feel much better.
The culicivora bites you but does no damage.
The jumping spider pounces on you.
You are even more entangled.
The jumping spider barely misses you. The broodmother bites you.
* * * LOW HITPOINT WARNING * * *
A spider bursts forth from the wound!
The culicivora bites you but does no damage.
The jumping spider leaps!
You fade into invisibility!
The jumping spider pounces on you.
* * * LOW HITPOINT WARNING * * *
The jumping spider completely misses you.
The wolf spider hits you.
* * * LOW HITPOINT WARNING * * *
The wolf spider bites you but does no damage.
The broodmother summons spiders!
The wolf spider hits you but does no damage.
The wolf spider bites you but does no damage.
The jumping spider pounces on you.
* * * LOW HITPOINT WARNING * * *
You are even more entangled.
The jumping spider bites you but does no damage.
The web tears apart.
The jumping spider disappears in a puff of smoke!
The culicivora bites you but does no damage.
The broodmother bites you!!
* * * LOW HITPOINT WARNING * * *
The jumping spider barely misses you.
The jumping spider bites you but does no damage.
The wolf spider hits you!
You die...
Your body crumbles into a pile of gold.

.......####..###.....############
.......+..##...#....#..........#
.......##.####'#....#..........#
.......+.<......#..##..........#
.......#.#.....................#
.......#.#..(....).............#
########.#####.s......##########
#.# #(.ยง>##### #.# #ss@s#######
#.# #.sss......# #####.#
#..........# #.....# #....(.....#
#.....# #..........# #.....#
#..........# #.....# ##.......###
#.)..#############.# #....#
#...........#


You could see a broodmother (unable to see you), a wolf spider (summoned, unable
to see you), a culicivora (summoned, unable to see you), a jumping spider
(summoned, unable to see you), a tarantella (summoned, unable to see you) and 2
redbacks.

Vanquished Creatures
  Erica (D:8)
  A boulder beetle (D:12)
  A two-headed ogre (D:11)
  Pikel (D:5)
  An elephant (D:8)
  Joseph (D:10)
  A gargoyle (D:11)
  An unseen horror (D:10)
  An efreet (D:10)
  A queen bee (D:9)
  4 trolls
  A hornet (D:7)
  3 dream sheep (D:7)
  Grinder (D:5)
  A shadow (D:8)
  3 wyverns
  Sigmund (D:5)
  5 yaks
  A wraith (D:11)
  Grum (D:10)
  2 vampire mosquitoes (D:11)
  A two-headed ogre zombie (D:9)
  2 water moccasins
  A sky beast (D:7)
  4 black bears
  An ice beast (D:8)
  5 orc warriors
  2 ogres
  3 wolves (D:10)
  3 centaurs (D:9)
  2 lemures (D:5)
  3 phantoms
  A kobold brigand (D:9)
  A gnoll sergeant (D:10)
  A brain worm (Sewer)
  A bullfrog (D:7)
  3 scorpions
  7 wights (D:6)
  2 troll zombies (D:9)
  25 killer bees (D:9)
  3 howler monkeys
  3 bombardier beetles
  5 gnoll boudas
  5 hounds
  3 jellies
  6 orc priests
  2 iguanas
  14 orc wizards
  Natasha (thrice) (D:2)
  5 ogre zombies (D:9)
  25 gnolls
  12 adders
  A river rat (Sewer)
  2 white imps
  2 ufetubi (D:7)
  4 worms (Sewer)
  2 dart slugs
  36 orcs
  19 ball pythons
  9 bats
  8 endoplasms
  4 giant cockroaches
  2 gnoll zombies (D:9)
  6 goblins
  8 hobgoblins
  5 jackals
  15 kobolds
  4 frilled lizards
  2 gnoll skeletons (D:9)
  2 orc skeletons (D:9)
  19 orc zombies
  A rat (D:3)
338 creatures vanquished.

Vanquished Creatures (others)
  An orc wizard (D:6)
1 creature vanquished.

Grand Total: 339 creatures vanquished

Notes
Turn   | Place    | Note
-------+----------+-------------------------------------------
     0 | D:1      | FutureFunk the Hill Orc Fighter began the quest for the
                  | Orb.
     0 | D:1      | Reached XP level 1. HP: 19/19 MP: 1/1
    50 | D:1      | Reached skill level 3 in Axes
   227 | D:1      | Reached XP level 2. HP: 25/26 MP: 2/2
   421 | D:1      | Reached skill level 4 in Axes
   892 | D:2      | Reached XP level 3. HP: 27/31 MP: 3/3
  1009 | D:2      | Reached skill level 5 in Axes
  1072 | D:2      | Found Uleuqofy's Jewellery Boutique.
  1297 | D:2      | Reached XP level 4. HP: 30/39 MP: 4/4
  1366 | D:2      | Noticed Natasha
  1376 | D:2      | Killed Natasha
  1377 | D:2      | Reached skill level 6 in Axes
  1645 | D:2      | Found a faded altar of an unknown god.
  1719 | D:2      | Noticed Natasha
  1734 | D:2      | Killed Natasha
  1735 | D:2      | Reached XP level 5. HP: 25/45 MP: 5/5
  1880 | D:3      | Noticed an ogre
  1889 | D:3      | HP: 2/45 [ogre/+0 giant spiked club (28)]
  1890 | D:3      | Killed an ogre
  1891 | D:3      | Reached skill level 8 in Axes
  1891 | D:3      | Reached XP level 6. HP: 3/51 MP: 6/6
  2220 | D:3      | Noticed a black bear
  2231 | D:3      | Killed a black bear
  2232 | D:3      | Reached skill level 9 in Axes
  2240 | D:3      | Noticed a black bear
  2245 | D:3      | Killed a black bear
  2246 | D:3      | Reached XP level 7. HP: 57/57 MP: 7/7
  2271 | D:3      | Found a glowing drain.
  2282 | Sewer    | Entered a sewer
  2628 | Sewer    | Reached skill level 10 in Axes
  3591 | D:4      | Reached skill level 11 in Axes
  3701 | D:4      | Found a basalt altar of Yredelemnul.
  3816 | D:4      | Reached XP level 8. HP: 64/64 MP: 8/8
  3924 | D:4      | Reached skill level 12 in Axes
  4022 | D:4      | Identified the +3 buckler of Ogaot {MP-9 Dex+5}
  4112 | D:5      | Entered Level 5 of the Dungeon
  4302 | D:5      | Noticed Pikel
  4578 | D:5      | Identified the +4 trident of the Hierophant {heavy, Dex+3}
  4609 | D:5      | Killed Pikel
  4610 | D:5      | Reached skill level 14 in Axes
  4664 | D:5      | Noticed a troll
  4667 | D:5      | Killed a troll
  4668 | D:5      | Reached XP level 9. HP: 70/70 MP: 9/9
  4676 | D:5      | Found a shimmering altar of Xom.
  4676 | D:5      | Found a shadowy altar of Dithmenos.
  4676 | D:5      | Found a sparkling altar of Nemelex Xobeh.
  4676 | D:5      | Found a hide-covered altar of Uskayaw.
  4684 | D:5      | Found a stormy altar of Qazlal.
  4689 | D:5      | Found a sacrificial altar of Ru.
  4736 | D:5      | Noticed Grinder
  4759 | D:5      | Paralysed by Grinder for 2 turns
  4765 | D:5      | Killed Grinder
  4766 | D:5      | Reached skill level 15 in Axes
  5052 | D:5      | Noticed Sigmund
  5061 | D:5      | Killed Sigmund
  5154 | D:5      | Found a bloodstained altar of Trog.
  5154 | D:5      | Found an iron altar of Okawaru.
  5155 | D:5      | Found a shimmering blue altar of Sif Muna.
  5187 | D:6      | Reached skill level 16 in Axes
  5409 | D:6      | Reached skill level 5 in Armour
  5920 | D:6      | Reached XP level 10. HP: 40/77 MP: 10/10
  6186 | D:6      | Found a staircase to the Ecumenical Temple.
  6363 | Temple   | Entered the Ecumenical Temple
  7109 | D:7      | Found a radiant altar of Vehumet.
  7391 | D:7      | Paralysed by a hornet for 3 turns
  7961 | D:7      | Reached skill level 10 in Armour
  8489 | D:8      | Found a runed translucent gate.
  8489 | D:8      | Found a runed translucent gate.
  8489 | D:8      | Found a runed translucent gate.
  8497 | D:8      | Noticed nitefall's ghost (novice MiBe)
  8525 | D:8      | Found a staircase to the Lair.
  8525 | D:8      | Noticed an elephant
  8542 | D:8      | Reached skill level 5 in Shields
  8546 | D:8      | Killed an elephant
  9553 | D:8      | Noticed Erica
  9579 | D:8      | Killed Erica
  9580 | D:8      | Reached XP level 11. HP: 23/82 MP: 11/11
  9911 | D:8      | Found a roughly hewn altar of Beogh.
 10118 | D:9      | Found a staircase to the Orcish Mines.
 10481 | D:9      | Found an opulent altar of Gozag.
 10520 | D:9      | Became a worshipper of Gozag Ym Sagoz the Greedy
 10726 | D:9      | HP: 4/82 [killer bee (5)]
 11083 | D:9      | Reached skill level 17 in Axes
 11455 | D:9      | Identified a scroll of acquirement
 11455 | D:9      | Acquired the +0 hat of Ufeise {rF+ Will+ Str+2}
 11500 | D:9      | Found a glowing silver altar of Zin.
 11531 | D:10     | Entered Level 10 of the Dungeon
 11571 | D:10     | Noticed Joseph
 11597 | D:10     | Killed Joseph
 11770 | D:2      | Noticed Natasha
 11775 | D:2      | Killed Natasha
 11776 | D:2      | Reached skill level 5 in Fighting
 11789 | D:2      | Bought the amulet of Qazlal's Castigation {Reflect rPois
                  | Int+2 SH+5 Stlth+} for 674 gold pieces
 11978 | D:10     | Noticed Grum
 11998 | D:10     | Killed Grum
 12839 | D:11     | Noticed a two-headed ogre
 12846 | D:11     | Killed a two-headed ogre
 13109 | D:11     | Identified the +0 robe of Snakes and Ladders {rCorr}
 13253 | D:11     | Reached XP level 12. HP: 84/105 MP: 12/12
 13364 | D:11     | Found a glowing golden altar of the Shining One.
 13403 | D:12     | Noticed a boulder beetle
 13410 | D:12     | Noticed an ettin
 13413 | D:12     | Killed a boulder beetle
 13414 | D:12     | Reached skill level 10 in Fighting
 13423 | D:12     | Noticed a boulder beetle
 13433 | D:11     | an ettin changed into a broodmother
 13433 | D:11     | Noticed a broodmother
 13438 | D:11     | HP: 3/106 [broodmother (18)]
 13438 | D:11     | Mangled by a wolf spider

Illustrated notes

Levels and vault maps discovered:
D:1:      nzn_arrival_depleted_hourglass, layout_basic
D:2:      layout_basic, serial_shops, nicolae_shop_hallway_plus,
          ebering_ecumenical_altar_mist, st_stairs_11,
          nicolae_twisty_statue_hallways, uniq_natasha
D:3:      layout_rooms, portal_sewer_entry_d, kennysheep_generic_room_12
D:4:      layout_rooms, mainiacjoe_overflow_chevrons
D:5:      layout_gridville, gammafunk_temple_overflow_claw,
          minmay_overflow_temple_hex, uniq_pikel, uniq_grinder, uniq_sigmund
D:6:      layout_loops_ring, minmay_temple_entry_arrows
D:7:      layout_basic, nicolae_vehumet_radiance, kennysheep_cluttered_room,
          solitary_fountain, kennysheep_nondescript,
          chequers_serial_rivers_micro_b
D:8:      layout_basic, david_lair_generic, biasface_ghost_orc_armoury,
          st_stairs_14, dreamdust_gnoll_shepherd, uniq_erica
D:9:      layout_roguey [special_room_bee], grunt_gozag_statues,
          lemuel_doored_altar, zombieorc2_lemuel
D:10:     layout_roguey, corexii_hall_statues_s, uniq_joseph, uniq_grum
D:11:     layout_basic, tso_oasis_becter
D:12:     minmay_the_grid_square_5x5_5x5 [minmay_the_grid_square_5x5_n,
          minmay_the_grid_square_5x5_n_small,
          minmay_the_grid_square_5x5_hourglass,
          minmay_the_grid_square_5x5_slash,
          minmay_the_grid_square_5x5_spiral_small,
          minmay_the_grid_square_5x5_three_walls,
          minmay_the_grid_square_5x5_prize_deathbox,
          minmay_the_grid_square_5x5_bracketed,
          minmay_the_grid_square_5x5_prize_gold,
          minmay_the_grid_square_5x5_tri_point,
          minmay_the_grid_square_5x5_inner_v,
          minmay_the_grid_square_5x5_misaligned,
          minmay_the_grid_square_5x5_prize_snowflake,
          minmay_the_grid_square_5x5_shrine2,
          minmay_the_grid_square_5x5_minimal, minmay_the_grid_square_5x5_mess,
          minmay_the_grid_square_5x5_prize_pseudospiral,
          minmay_the_grid_square_5x5_two_walls_b,
          minmay_the_grid_square_5x5_prize_monsterx,
          minmay_the_grid_square_5x5_spiral, minmay_the_grid_square_5x5_v,
          minmay_the_grid_square_5x5_longway,
          minmay_the_grid_square_5x5_almost_minimal,
          minmay_the_grid_square_5x5_gyroscope,
          minmay_the_grid_square_5x5_bridge], layout_rooms, uniq_rupert,
          uniq_gastronok, uniq_frances
Temple:   nicolae_temple_cloud_nine

Skill      XL: |  1  2  3  4  5  6  7  8  9 10 11 12 |
---------------+-------------------------------------+-----
Axes           | 3 4 5 6 8 9 11 14 16 17 | 17.0
Armour         | 6 10 | 10.2
Shields        | 7 9 |  9.0
Fighting       | 9 10 | 10.0

Action                     |  1- 3 |  4- 6 |  7- 9 | 10-12 || total
---------------------------+-------+-------+-------+-------++-------
  Melee: War axe           |    85 |    73 |   353 |    66 ||   577
         Broad axe         |       |       |       |   672 ||   672
  Evoke: Wand              |       |     4 |     6 |     3 ||    13
    Use: Scroll            |     2 |     2 |     9 |     8 ||    21
         Potion            |     1 |       |     4 |     6 ||    11
   Stab: Distracted        |       |       |       |     4 ||     4
 Armour: Scale mail        |    59 |    52 |   251 |    52 ||   414
         Plate armour      |       |       |       |   568 ||   568
         Skin              |       |       |       |     3 ||     3
  Dodge: Dodged            |    44 |    26 |   132 |   218 ||   420
  Block: Buckler           |    12 |    18 |    60 |   199 ||   289
         Reflection        |       |       |       |     2 ||     2

Table legend: (Time is in decaauts)
 A = Elapsed time spent in this place.
 B = Non-inter-level travel time spent in this place.
 C = Inter-level travel time spent in this place.
 D = Time resting spent in this place.
 E = Time spent auto-exploring this place.
 F = Levels seen in this place.
 G = Mean time per level.
                   A        B        C        D        E       F      G
               +--------+--------+--------+--------+--------+-----+--------+
         Total |  13523 |  12980 |    543 |   3384 |   6643 |  14 |  965.9 |
       Dungeon |  12589 |  12046 |    543 |   3329 |   6116 |  12 | 1049.1 |
        Temple |     76 |     76 |      0 |     11 |     58 |   1 |   76.0 |
         Sewer |    857 |    857 |      0 |     44 |    468 |   1 |  857.0 |
               +--------+--------+--------+--------+--------+-----+--------+

Top non-repeatable levels by time:
     D:8: 2359 daAuts
     D:6: 1590 daAuts
     D:7: 1245 daAuts
     D:2: 1236 daAuts
     D:5: 1085 daAuts
     D:9: 1076 daAuts
     D:1: 882 daAuts
   Sewer: 857 daAuts
     D:4: 846 daAuts
    D:10: 784 daAuts
    D:11: 744 daAuts
     D:3: 692 daAuts
  Temple: 76 daAuts
    D:12: 45 daAuts
